 Dungeon Crawl Stone Soup version 0.25-a0-289-g406d6369f5 (webtiles) character file.

Game seed: 8926856478507520010, levelgen mode: deterministic

42 Anathary the Skirmisher (level 3, -4/29 HPs)
             Began as a Demonspawn Abyssal Knight on Dec 12, 2019.
             Was a Believer of Lugonu.
             Slain by a worm (11 damage)
             ... on level 2 of the Dungeon.
             The game lasted 00:03:41 (1737 turns).

Anathary the Skirmisher (Demonspawn Abyssal Knight) Turns: 1737, Time: 00:03:42

Health: -4/29      AC:  3    Str: 13    XL:     3   Next: 35%
Magic:  5/5        EV: 11    Int: 13    God:    Lugonu [**....]
Gold:   170        SH:  4    Dex: 12    Spells: 2/2 levels left

rFire    . . .     SeeInvis .   a - +1 hand axe
rCold    + . .     Gourm    .   (no shield)
rNeg     . . .     Faith    .   b - +0 leather armour
rPois    .         Spirit   .   (no helmet)
rElec    .         Reflect  .   (no cloak)
rCorr    .         Harm     .   (no gloves)
MR       .....                  (no boots)
Stlth    +.........             (no amulet)
HPRegen  0.09/turn              (no ring)
MPRegen  0.09/turn              (no ring)

@: no status effects
A: large bone plates 1, cold resistance 1
a: Depart the Abyss, Bend Space, Renounce Religion


You were on level 2 of the Dungeon.
You worshipped Lugonu.
Lugonu was pleased with you.
You were not hungry.

You visited 1 branch of the dungeon, and saw 2 of its levels.
You visited the Abyss 1 time.

You collected 170 gold pieces.

Inventory:

Hand Weapons
 a - a +1 hand axe (weapon)
Armour
 b - a +0 leather armour (worn)
Scrolls
 d - a scroll of remove curse {unknown}
 e - a scroll of identify {unknown}
Potions
 f - 3 potions of brilliance {unknown}
 g - 2 potions of heal wounds {unknown}
 h - a potion of invisibility {unknown}
Comestibles
 c - 3 rations


   Skills:
 + Level 3.4 Fighting
 + Level 2.4 Axes
 + Level 2.0 Armour
 + Level 1.4 Dodging
 + Level 2.7 Invocations


You had 2 spell levels left.
You didn't know any spells.
Your spell library was empty.

Dungeon Overview and Level Annotations

Branches:
Dungeon (2/15)

Altars:


Innate Abilities, Weirdness & Mutations

You are partially covered in large bone plates. (SH +4)
Your flesh is cold resistant. (rC+)


Message History

The worm bites you.
You hit the worm.
The worm is moderately wounded.
The worm bites you!
You hit the worm but do no damage.
The worm is moderately wounded.
You hit the worm.
The worm is heavily wounded.
The worm bites you.
* * * LOW HITPOINT WARNING * * *
You hit the worm but do no damage.
The worm is heavily wounded.
The worm bites you.
* * * LOW HITPOINT WARNING * * *
You hit the worm.
The worm is heavily wounded.
You barely miss the worm.
The worm is heavily wounded.
The worm bites you!
You die...

#...........#
#.#'##.####.#
#.#..#.# .#
#.#..+.+
#.####.##+#.#
#...........#
#.####(##+#.#
#.# #.#..#
#.# +†@w.#
#.# #.####
#.. )...
#########


You could see a worm.

Vanquished Creatures
  2 adders (D:2)
  A dart slug (D:1)
  A goblin (D:2)
  3 hobgoblins
  2 bats
  5 frilled lizards
  8 kobolds
  5 rats
27 creatures vanquished.

Notes
Turn   | Place    | Note
-------+----------+-------------------------------------------
     0 | Abyss:1  | Anathary the Demonspawn Abyssal Knight began the quest for
                  | the Orb.
     0 | Abyss:1  | Reached XP level 1. HP: 18/18 MP: 2/2
    66 | D:1      | Escaped the Abyss
   486 | D:1      | Gained mutation: Your flesh is cold resistant. (rC+)
                  | [demonic ancestry]
   486 | D:1      | Reached XP level 2. HP: 24/24 MP: 4/4
   934 | D:2      | Reached ** piety under Lugonu
   958 | D:2      | Reached skill level 1 in Dodging
  1357 | D:2      | Gained mutation: You are partially covered in large bone
                  | plates. (SH +4) [demonic ancestry]
  1357 | D:2      | Reached XP level 3. HP: 20/29 MP: 5/5
  1737 | D:2      | Slain by a worm

Levels and vault maps discovered:
D:1:      ncdulo_lavacross, layout_rooms, minmay_hedge_maze
D:2:      minmay_door_path, layout_basic, minmay_crystal_water

Skill      XL: |  1  2 |
---------------+-------+-----
Axes           | 2 |  2.4
Armour         | 2 |  2.0
Dodging        | 1 |  1.4
Fighting       | |  3.4
Invocations    | |  2.7

Action                   || total
-------------------------++-------
Melee: Hand axe          ||    87
 Stab: Sleeping          ||     1
  Eat: Ration            ||     1
Armor: Leather armour    ||    20
Dodge: Dodged            ||    47
Block: Other             ||     1

Table legend:
 A = Non-vault XP
 B = Vault XP
 C = Vault XP percentage of total XP
 D = Non-vault monster count
 E = Vault monster count
 F = Vault count percentage of total count
                 A         B        C        D         E       F
            +---------+---------+-------+---------+---------+-------
      Total |      59 |       2 |   3.3 |      26 |       1 |   3.7
            +---------+---------+-------+---------+---------+-------
        D:1 |      14 |       0 |   0.0 |       9 |       0 |   0.0
        D:2 |      45 |       2 |   4.3 |      17 |       1 |   5.6
            +---------+---------+-------+---------+---------+-------
